 Dungeon Crawl Stone Soup version 0.21.0-3-g78d12a8 (webtiles) character file.

21109 inmateoo the Basher (level 13, 0/83 HPs)
             Began as a Kobold Berserker on Jan 13, 2018.
             Was the Champion of Trog.
             Shot with a bolt by a yaktaur (21 damage)
             ... on level 14 of the Dungeon.
             The game lasted 00:15:40 (13984 turns).

inmateoo the Basher (Kobold Berserker)             Turns: 13984, Time: 00:15:42

Health: 0/83       AC: 11    Str: 18    XL:     13   Next: 17%
Magic:  13/13      EV: 26    Int:  9    God:    Trog [******]
Gold:   387        SH:  6    Dex: 14    Spells: 12/12 levels left

rFire    . . .     SeeInvis .   w - +1 flail (holy)
rCold    . . .     Gourm    .   f - +0 buckler
rNeg     + . .     Faith    +   a - +1 leather armour of Vuggoorch {Str-4 Slay+6}
rPois    +         Spirit   .   v - +0 helmet
rElec    .         Reflect  .   t - +2 cloak {rPois}
rCorr    .         Harm     .   H - +0 pair of gloves {Str+3}
MR       ++...                  (no boots)
Stlth    +.........             C - amulet of faith
HPRegen  1.23/turn              j - +5 ring of evasion
MPRegen  0.13/turn              B - ring of positive energy

@: berserk cooldown, very slightly contaminated, regenerating, slowed, very slow
A: small, carnivore
a: Berserk, Trog's Hand, Brothers in Arms, Burn Spellbooks, Renounce Religion


You were on level 14 of the Dungeon.
You worshipped Trog.
Trog was exalted by your worship.
You were full.

You visited 1 branch of the dungeon, and saw 14 of its levels.

You collected 912 gold pieces.
You spent 525 gold pieces at shops.

Inventory:

Hand Weapons
 n - a +0 morningstar
 w - a +1 flail of holy wrath (weapon)
Armour
 a - the +1 leather armour of Vuggoorch (worn) {Str-4 Slay+6}
   (You found it on level 8 of the Dungeon)

   It affects your strength (-4).
   It affects your accuracy and damage with ranged weapons and melee attacks
   (+6).
 f - a +0 buckler (worn)
 g - a +1 chain mail
 t - a +2 cloak of poison resistance (worn)
 v - a +0 helmet (worn)
 H - a +0 pair of gloves of strength (worn)
Jewellery
 e - an uncursed ring of poison resistance
 j - a +5 ring of evasion (left hand)
 B - a ring of positive energy (right hand)
 C - an amulet of faith (around neck)
 G - an uncursed ring of stealth {unknown}
Wands
 u - a wand of flame (85)
 z - a wand of random effects (23)
 D - a wand of acid (11)
 K - a wand of polymorph (10)
Scrolls
 b - 4 scrolls of identify
 d - 3 scrolls of enchant weapon
 o - 2 scrolls of remove curse
 q - a scroll of enchant armour
 r - 4 scrolls of teleportation
 y - a scroll of magic mapping
Potions
 h - 4 potions of flight
 i - a potion of cancellation
 k - 3 potions of heal wounds
 l - 2 potions of agility
 m - 8 potions of curing
 p - a potion of haste
 s - a potion of lignification
 x - a potion of mutation
 A - 2 potions of might
 E - 2 potions of brilliance
 F - 2 potions of berserk rage
 I - a potion of ambrosia
Comestibles
 c - 25 rations


   Skills:
 + Level 10.5 Fighting
 * Level 12.1 Maces & Flails
 + Level 7.9 Armour
 + Level 11.1 Dodging
 - Level 4.0 Shields


You had 12 spell levels left.
You didn't know any spells.

Dungeon Overview and Level Annotations

Branches:
Dungeon (14/15)            Temple (0/1) D:7            Lair (0/6) D:11
    Orc (0/2) D:10
 Vaults: D:13-14

Altars:
Ashenzari
Cheibriados
Elyvilon
Fedhas
Hepliaklqana
Kikubaaqudgha
Sif Muna
Trog
Vehumet
Xom
Yredelemnul
The Shining One

Shops:
D:4 *   D:5 [   D:6 *   D:9 *   D:10 [   D:13 *

Annotations:
D:14 Rupert


Innate Abilities, Weirdness & Mutations

You are small and have problems with some larger weapons.
You are carnivorous and can eat meat at any time.


Message History

The deep elf mage gestures wildly while chanting.
The deep elf mage blinks!
The orc priest invokes the aid of Beogh against you.
Beogh smites you!
* * * LOW HITPOINT WARNING * * *
The orc priest begins to cast a cantrip, but forgets the words!
A boggart comes into view.
The boggart shouts!
You hear a shout!
A kobold, a big kobold, an orc priest and a yaktaur come into view.
Unknown command.
Okay, then.
Okay, then.
You feel much better.
The big kobold shouts!
You hear a shout!
The orc priest mumbles some strange prayers to Beogh against you.
Beogh smites you!
* * * LOW HITPOINT WARNING * * *
The orc priest completely misses you.
The yaktaur shoots a bolt.
The bolt hits you!!
You die...

#.. #.# .#.#
#.. #g#..#. #
#.. ...... K.
#.. ###.#.K
.## #.# ..e.e
K... #. ..g
....
###o#o.#.##
#..@.o..c..
#..##.#..#.##
# #.# c# o##
# . ##


You could see 2 yaktaurs, 2 deep elf magi, an orc warrior, a big kobold, 2
boggarts, 3 orc priests and 2 kobolds.

Vanquished Creatures
  Nessos (D:12)
  Harold (D:12)
  Erolcha (D:9)
  A centaur warrior (D:13)
  A hydra (D:11)
  5 two-headed ogres
  A deep elf mage (D:12)
  An oklob plant (D:11)
  An ugly thing (D:11)
  A manticore (D:9)
  2 centaur zombies
  4 kobold demonologists
  The ghost of Inkary the Slasher, an amateur MiBe of Trog (D:5)
  A troll (D:13)
  A hornet (D:12)
  4 hippogriffs
  Sigmund (D:2)
  7 yaks
  3 wraiths (D:14)
  4 wyverns
  A water elemental (D:12)
  3 vampire mosquitoes (D:12)
  2 soldier ants
  A water moccasin (D:10)
  6 orc warriors
  5 sky beasts
  A black bear (D:7)
  5 ice beasts
  A necrophage (D:11)
  4 ogres
  5 centaurs
  2 eyes of draining
  A phantom (D:8)
  2 crocodiles
  5 big kobolds
  4 bullfrogs
  2 gnoll sergeants
  9 killer bees
  A scorpion (D:5)
  The ghost of namelastname112 the Caller, a weakling DrSu (D:3)
  3 wights (D:12)
  4 electric eels (D:12)
  2 howler monkeys (D:4)
  2 bullfrog zombies
  6 crimson imps
  A quasit (D:11)
  2 jellies
  7 orc priests
  Crazy Yiuf (D:4)
  5 hounds
  10 orc wizards
  A bullfrog skeleton (D:11)
  4 centaur skeletons
  5 iguanas
  9 worker ants
  A killer bee zombie (D:8)
  2 worker ant zombies
  25 gnolls
  11 adders
  An adder zombie (D:9)
  3 worms
  A dart slug (D:1)
  3 leopard geckos
  53 orcs
  8 giant cockroaches
  7 goblins
  7 hobgoblins
  5 jackals
  4 quokkas
  4 ball pythons
  8 bats
  2 frilled lizards
  A giant cockroach zombie (D:5)
  57 kobolds
  6 rats
374 creatures vanquished.

Vanquished Creatures (others)
  A wizard (D:5)
  5 dream sheep (D:9)
  2 plants (D:11)
8 creatures vanquished.

Grand Total: 382 creatures vanquished

Notes
Turn   | Place    | Note
-------+----------+-------------------------------------------
     0 | D:1      | inmateoo the Kobold Berserker began the quest for the Orb.
     0 | D:1      | Reached XP level 1. HP: 14/14 MP: 1/1
   253 | D:1      | Reached XP level 2. HP: 11/19 MP: 2/2
   496 | D:1      | Reached skill level 3 in Maces & Flails
   921 | D:2      | Reached XP level 3. HP: 23/23 MP: 3/3
   944 | D:2      | Found a deep blue altar of Sif Muna.
  1147 | D:2      | Noticed Sigmund
  1166 | D:2      | Killed Sigmund
  1166 | D:2      | Reached skill level 4 in Maces & Flails
  1166 | D:2      | Reached XP level 4. HP: 11/29 MP: 4/4
  1166 | D:2      | Reached XP level 5. HP: 12/33 MP: 5/5
  1484 | D:2      | Found a glowing golden altar of the Shining One.
  1546 | D:2      | Reached XP level 6. HP: 38/38 MP: 6/6
  1774 | D:3      | Reached ** piety under Trog
  2014 | D:3      | Found a shattered altar of Ashenzari.
  2045 | D:3      | Noticed namelastname112's ghost (weakling DrSu)
  2058 | D:3      | Killed namelastname112's ghost
  2793 | D:4      | Found a bloodstained altar of Trog.
  2811 | D:4      | Found a basalt altar of Yredelemnul.
  2830 | D:4      | Reached XP level 7. HP: 36/44 MP: 7/7
  2873 | D:4      | Found a shattered altar of Ashenzari.
  2915 | D:4      | Reached skill level 5 in Maces & Flails
  3338 | D:4      | Reached skill level 5 in Fighting
  3345 | D:4      | Reached *** piety under Trog
  3537 | D:4      | Found Kyonabel's General Store.
  3594 | D:4      | Found a blossoming altar of Fedhas.
  3635 | D:4      | Found a hazy altar of Hepliaklqana.
  3749 | D:4      | Found a runed door.
  3753 | D:4      | Noticed Crazy Yiuf
  3762 | D:4      | Killed Crazy Yiuf
  3844 | D:5      | Entered Level 5 of the Dungeon
  3910 | D:5      | Found a bloodstained altar of Trog.
  3911 | D:5      | Noticed a wizard
  3915 | D:5      | Killed a wizard
  3978 | D:5      | Noticed Inkary's ghost (amateur MiBe)
  4006 | D:5      | Reached skill level 5 in Dodging
  4006 | D:5      | Reached XP level 8. HP: 25/49 MP: 8/8
  4547 | D:5      | Killed Inkary's ghost
  4547 | D:5      | Reached skill level 6 in Maces & Flails
  4690 | D:5      | Reached XP level 9. HP: 31/55 MP: 9/9
  4905 | D:5      | Found Woima's Antique Armour Boutique.
  4908 | D:5      | Bought a runed cloak for 142 gold pieces
  4908 | D:5      | Bought a glowing cloak for 142 gold pieces
  5340 | D:6      | Reached skill level 7 in Maces & Flails
  5751 | D:6      | Reached **** piety under Trog
  6193 | D:6      | Reached ***** piety under Trog
  6491 | D:6      | Found Miesyvat's Assorted Antiques.
  6499 | D:6      | Bought a scroll labeled CICO ED MIEJEU for 18 gold pieces
  6499 | D:6      | Bought a bubbling golden potion for 16 gold pieces
  6499 | D:6      | Bought a lumpy coppery potion for 16 gold pieces
  6975 | D:7      | Found a white marble altar of Elyvilon.
  7176 | D:7      | Found a radiant altar of Vehumet.
  7510 | D:7      | Found a staircase to the Ecumenical Temple.
  7693 | D:8      | Reached skill level 5 in Armour
  7706 | D:8      | Reached skill level 1 in Shields
  7801 | D:8      | Reached skill level 8 in Maces & Flails
  7801 | D:8      | Reached XP level 10. HP: 59/63 MP: 10/10
  7998 | D:8      | Found an ancient bone altar of Kikubaaqudgha.
  8020 | D:8      | Got an ancient leather armour
  8388 | D:8      | Identified the +1 leather armour of Vuggoorch {Str-4 Slay+6} (You found it on level 8 of the Dungeon)
  8605 | D:9      | Noticed Erolcha
  8616 | D:9      | Killed Erolcha
  8643 | D:9      | Found Muepur's General Store.
  8651 | D:9      | Bought a scroll of magic mapping for 42 gold pieces
  8704 | D:9      | Reached skill level 9 in Maces & Flails
  8864 | D:9      | Noticed a manticore
  8879 | D:9      | Killed a manticore
  9064 | D:9      | Found a shimmering altar of Xom.
  9170 | D:10     | Entered Level 10 of the Dungeon
  9218 | D:10     | Reached XP level 11. HP: 61/68 MP: 11/11
  9573 | D:10     | Found a staircase to the Orcish Mines.
  9604 | D:10     | Received a gift from Trog
  9687 | D:10     | Found Obis's Armour Shop.
  9700 | D:10     | Bought a +0 pair of gloves of strength for 149 gold pieces
  9806 | D:10     | Noticed a two-headed ogre
  9814 | D:10     | Killed a two-headed ogre
 10087 | D:11     | Noticed a five-headed hydra
 10094 | D:11     | Killed a five-headed hydra
 10094 | D:11     | Reached skill level 10 in Maces & Flails
 10213 | D:11     | Found a staircase to the Lair.
 10213 | D:11     | Noticed an oklob plant
 10309 | D:11     | Noticed a green ugly thing
 10331 | D:11     | Killed a green ugly thing
 10423 | D:11     | Noticed a two-headed ogre
 10433 | D:11     | Killed a two-headed ogre
 10433 | D:11     | Reached XP level 12. HP: 76/76 MP: 12/12
 10496 | D:11     | Found a snail-covered altar of Cheibriados.
 10556 | D:11     | Noticed a two-headed ogre
 10566 | D:11     | Killed a two-headed ogre
 11370 | D:12     | Reached skill level 10 in Dodging
 11445 | D:12     | Noticed a two-headed ogre
 11471 | D:12     | Killed a two-headed ogre
 11471 | D:12     | Reached skill level 11 in Maces & Flails
 11551 | D:12     | Noticed Harold
 11572 | D:12     | Killed Harold
 11622 | D:12     | Noticed a soul eater
 11717 | D:12     | Noticed a two-headed ogre
 11724 | D:12     | Killed a two-headed ogre
 11765 | D:12     | Reached skill level 10 in Fighting
 11937 | D:12     | Noticed Nessos
 11952 | D:12     | Killed Nessos
 12229 | D:12     | Paralysed by a hornet for 3 turns
 13206 | D:13     | Found Usasyry's Assorted Antiques.
 13266 | D:13     | Noticed a centaur warrior
 13282 | D:13     | Killed a centaur warrior
 13286 | D:13     | Reached XP level 13. HP: 82/82 MP: 13/13
 13298 | D:13     | Reached ****** piety under Trog
 13726 | D:13     | Reached skill level 12 in Maces & Flails
 13964 | D:14     | Noticed Rupert
 13984 | D:14     | Shot with a bolt by a yaktaur

Skill      XL: |  1  2  3  4  5  6  7  8  9 10 11 12 13 |
---------------+----------------------------------------+-----
Maces & Flails | 3 4 5 6 8 9 10 11 12 | 12.1
Fighting       | 4 5 6 7 8 9 10 | 10.5
Armour         | 2 3 4 5 6 7 |  7.9
Dodging        | 3 4 5 6 7 8 9 10 11 | 11.1
Shields        | 1 3 4 |  4.0

Action                   |  1- 3 |  4- 6 |  7- 9 | 10-12 | 13-15 || total
-------------------------+-------+-------+-------+-------+-------++-------
Melee: Mace              |    81 |   108 |   617 |       |       ||   806
       Flail             |       |       |    68 |   541 |    94 ||   703
       Unarmed           |       |       |       |     3 |       ||     3
Invok: Berserk           |     3 |     3 |    13 |    13 |     3 ||    35
       Trog's Hand       |       |       |     1 |     8 |     3 ||    12
Evoke: Wand              |       |       |       |     8 |       ||     8
  Use: Potion            |     2 |       |     1 |       |     1 ||     4
       Scroll            |       |     4 |     5 |    11 |     3 ||    23
  Eat: Chunk             |    11 |     8 |    24 |    35 |     6 ||    84
       Ration            |       |       |       |     1 |       ||     1
Armor: Animal skin       |     1 |       |       |       |       ||     1
       Chain mail        |    24 |    57 |   299 |    10 |       ||   390
       Leather armour    |       |       |       |    60 |     2 ||    62
Dodge: Dodged            |    46 |    81 |   638 |   413 |    70 ||  1248
Block: Buckler           |       |       |    21 |   111 |    20 ||   152
